 Dungeon Crawl Stone Soup version 0.19.1 (webtiles) character file.

184 SQman the Firebug (level 5, 0/39 HPs)
             Began as a Draconian Fire Elementalist on Dec 15, 2016.
             Was a Follower of Nemelex Xobeh.
             Slain by an ogre
             ... wielding a +0 giant club
              (22 damage)
             ... on level 4 of the Dungeon.
             The game lasted 00:24:50 (3024 turns).

SQman the Firebug (Draconian Fire Elementalist)     Turns: 3024, Time: 00:24:52

Health: 0/39       AC: 13    Str: 10 (11) XL:     5   Next: 36%
Magic:  4/9        EV: 12    Int: 15 (16) God:    Nemelex Xobeh [*.....]
Gold:   228        SH:  0    Dex:  9 (11) Spells: 3 memorised, 2 levels left

rFire  . . .     SeeInvis .     l - +5 mace (protect)
rCold  . . .     Gourm    .     (armour unavailable)
rNeg   . . .     Faith    .     (no shield)
rPois  .         Spirit   .     (helmet restricted)
rElec  .         Reflect  .     s - +0 cloak
rCorr  .         Harm     .     (no gloves)
MR     .....                    (no boots)
Stlth  ++........               (no amulet)
                                (no ring)
                                (no ring)

@: protection aura
A: unfitting armour, cold-blooded, AC +5
a: Renounce Religion


You were on level 4 of the Dungeon.
You worshipped Nemelex Xobeh.
Nemelex Xobeh was aware of your devotion.
You were not hungry.

You visited 1 branch of the dungeon, and saw 4 of its levels.

You collected 228 gold pieces.

Inventory:

Hand Weapons
 e - a +0 club
 g - a +0 whip
 h - a +0 short sword
 l - a +5 mace of protection (weapon)
 p - a +0 mace of holy wrath
 r - a +4 quarterstaff of chaos
Missiles
 i - 2 javelins
 k - 116 stones (quivered)
 n - 5 tomahawks
Armour
 d - a +0 robe
 f - a +0 cloak
 j - a cursed +0 helmet
 s - a +0 cloak (worn)
Wands
 t - a wand of digging (12/24)
 x - a wand of slowing (25/48)
 y - a wand of flame (30/48)
Scrolls
 c - a scroll of fear
 m - 2 scrolls of teleportation
 q - a scroll of identify
 u - 2 scrolls of remove curse
Potions
 v - 2 potions of curing
 w - a potion of haste
 A - a potion of heal wounds
Books
 a - a book of Flames

   Spells                             Type                      Level
   a - Flame Tongue                   Conjuration/Fire             1
   b - Throw Flame                    Conjuration/Fire             2
   c - Conjure Flame                  Conjuration/Fire             3
   d - Inner Flame                    Hexes/Fire                   3
   e - Sticky Flame                   Conjuration/Fire             4
   f - Fireball                       Conjuration/Fire             5
Miscellaneous
 o - a plain deck of summoning {drawn: 2}
Comestibles
 b - 3 bread rations
 z - a meat ration
 B - a chunk of flesh


   Skills:
 + Level 0.4 Fighting
 + Level 2.0 Maces & Flails
 + Level 2.4 Dodging
 + Level 2.3 Stealth
 + Level 2.8 Spellcasting
 + Level 2.0 Conjurations
 + Level 3.9 Fire Magic
 + Level 0.7 Invocations


You had 2 spell levels left.
You knew the following spells:

 Your Spells              Type           Power        Failure   Level  Hunger
a - Flame Tongue          Conj/Fire      ##...        8%          1    #......
b - Throw Flame           Conj/Fire      ##....       12%         2    ##.....
c - Sticky Flame          Conj/Fire      ##......     67%         4    #####..


Dungeon Overview and Level Annotations

Branches:
Dungeon (4/15)
 Temple: D:4-7

Altars:
Nemelex Xobeh
Trog
Yredelemnul
The Shining One


Innate Abilities, Weirdness & Mutations

Your plain brown scales are hard. (AC +5)
You cannot fit into any form of body armour.
You are cold-blooded and may be slowed by cold attacks.


Message History

The flame tongue hits the ogre.
The ogre is moderately wounded.
Casting: Flame Tongue
Confirm with . or Enter, or press ? or * to list all spells.
Aiming: Throw Flame
Press: ? - help, Shift-Dir - straight line, f/p - ogre
Aim: an ogre, wielding a giant club (moderately wounded)
The puff of flame hits the ogre.
The ogre is severely wounded.
The ogre hits you with a giant club!
You barely miss the ogre.
The ogre is severely wounded.
The ogre misses you.
You hit the ogre.
Your weapon exudes an aura of protection.
The ogre is almost dead.
The ogre hits you with a giant club!!
Ouch! That really hurt!
You die...
Your body disappears without a glow.

####### .......
....... .......
#..... ######
#.....##....# +##
#.....O@....#....
.......##'####....
.......#..........
#####+##..........
............#####
............#...#
#.
............#...#
#.
............#..##
#.
............#..#
#.


You could see an ogre.

Vanquished Creatures
  A worker ant (D:4)
  4 adders
  An ooze (D:3)
  An adder skeleton (D:4)
  2 worms
  2 dart slugs (D:2)
  3 orcs (D:3)
  A ball python (D:3)
  10 bats
  8 giant cockroaches
  8 goblins
  8 hobgoblins
  2 jackals (D:1)
  4 kobolds (D:3)
  A quokka (D:2)
  2 frilled lizards
  7 rats
  A fungus (D:2)
66 creatures vanquished.

Vanquished Creatures (collateral kills)
  Crazy Yiuf (D:2)
  Ijyb (D:3)
  3 goblins (D:3)
5 creatures vanquished.

Grand Total: 71 creatures vanquished

Notes
Turn   | Place    | Note
-------+----------+-------------------------------------------
     0 | D:1      | SQman the Draconian Fire Elementalist began the quest for the Orb.
     0 | D:1      | Reached XP level 1. HP: 14/14 MP: 3/3
   219 | D:1      | Reached XP level 2. HP: 14/20 MP: 1/5
   300 | D:1      | Found a sparkling altar of Nemelex Xobeh.
   304 | D:1      | Became a worshipper of Nemelex Xobeh the Trickster
   360 | D:1      | Learned a level 2 spell: Throw Flame
   616 | D:1      | Received a gift from Nemelex Xobeh
  1285 | D:2      | Reached XP level 3. HP: 23/26 MP: 4/6
  1457 | D:2      | Found a runed door.
  1461 | D:2      | Noticed Crazy Yiuf
  1464 | D:2      | Killed Crazy Yiuf
  1550 | D:2      | Reached skill level 1 in Maces & Flails
  1550 | D:2      | Reached XP level 4. HP: 33/33 MP: 3/7
  1985 | D:3      | Found a basalt altar of Yredelemnul.
  1996 | D:3      | Found a glowing golden altar of the Shining One.
  1997 | D:3      | Found a bloodstained altar of Trog.
  2040 | D:3      | Learned a level 3 spell: Conjure Flame
  2083 | D:3      | Noticed Ijyb
  2104 | D:3      | Killed Ijyb
  2366 | D:3      | Reached XP level 5. HP: 30/38 MP: 5/9
  2456 | D:3      | Learned a level 4 spell: Sticky Flame
  3014 | D:4      | Noticed an ogre
  3017 | D:4      | Reached * piety under Nemelex Xobeh
  3024 | D:4      | Slain by an ogre

Skill      XL: |  1  2  3  4  5 |
---------------+----------------+-----
Dodging        | 2 |  2.4
Stealth        | 2 |  2.3
Maces & Flails | 1 2 |  2.0
Conjurations   | 2 |  2.0
Fighting       | |  0.4
Spellcasting   | |  2.8
Fire Magic     | |  3.9
Invocations    | |  0.7

Action                   |  1- 3 |  4- 6 || total
-------------------------+-------+-------++-------
Melee: Club              |    14 |       ||    14
       Tailslap          |     7 |     1 ||     8
       Mace              |    20 |    49 ||    69
       Short sword       |     1 |       ||     1
Throw: Stone             |     1 |       ||     1
 Cast: Flame Tongue      |    27 |    27 ||    54
       Throw Flame       |     6 |    12 ||    18
       Conjure Flame     |       |     1 ||     1
Evoke: Deck              |     1 |     1 ||     2
  Use: Scroll            |     5 |     1 ||     6
       Potion            |     2 |     4 ||     6
  Eat: Chunk             |     2 |     3 ||     5
       Bread ration      |       |     1 ||     1
Armor: Skin              |    18 |    58 ||    76
Dodge: Dodged            |    32 |    71 ||   103
